Map: 潜水艇-天梯版

Players

Silky - Winner!

  • Race: Zerg Zerg
  • League: Master

夜蝶蝶蝶蝶蝶蝶蝶 (Firefly)

  • Race: Protoss Protoss

Event: DreamHack SC2 Masters 2020 Summer China

VOD

Have the link to the VOD?

Description

Time

  • Played on: July 2, 2020, 9:44 a.m.
  • Length: 3:55

All games in this series

Show
View Real Time Build Order
Export as new Build Order

Silky Zerg - Winner!

Build Orders: Hatch First 

Get SALT Encoding   

  12  0:00  Drone  
  13  0:12  Overlord  
  13  0:17  Drone  
  14  0:30  Drone x2  
  16  0:36  Drone  
  17  0:50  Hatchery  
  17  0:55  Drone  
  17  0:58  Drone  
  18  1:05  Extractor  
  17  1:13  Spawning Pool  
  17  1:16  Drone  
  17  1:19  Drone  
  18  1:27  Drone  
  19  1:40  Drone  
  20  1:48  Hatchery  
  19  2:02  Zergling x6  
  19  2:07  Metabolic Boost  
  22  2:14  Queen  
  24  2:18  Zergling x2  
  25  2:25  Zergling x4  
  27  2:30  Overlord  
  27  2:35  Zergling x2  
  28  2:48  Zergling x2  
  28  2:49  Zergling x4  
  30  2:56  Zergling x2  
  30  2:58  Zergling x2  
  32  3:00  Zergling x2  
  33  3:05  Zergling x2  
  33  3:07  Zergling x2  
  34  3:13  Zergling x2  
  34  3:19  Zergling x2  
  36  3:20  Zergling x2  
  36  3:25  Zergling x2  
  35  3:28  Zergling x2  
  35  3:32  Zergling x6  
  36  3:35  Zergling x2  
Show
View Real Time Build Order
Export as new Build Order

夜蝶蝶蝶蝶蝶蝶蝶 Protoss 

Build Orders: 1 Gate Expand 

Get SALT Encoding   

  12  0:00  Probe  
  13  0:12  Probe  
  14  0:18  Pylon  
  14  0:25  Probe  
  15  0:33  Probe  
  15  0:38  Gateway  
  15  0:41  Probe  
  16  0:49  Assimilator  
  17  0:51  Probe  
  18  1:03  Probe  
  19  1:15  Probe  
  20  1:26  Nexus  
  20  1:35  Cybernetics Core  
  20  1:38  Probe  
  21  1:44  Assimilator  
  21  1:50  Probe  
  22  1:54  Pylon  
  22  2:02  Adept, Probe  
  23  2:14  Probe  
  26  2:22  Adept  
  26  2:26  Probe  
  29  2:37  Stargate  
  29  2:38  Probe  
  29  2:39  Probe  
  31  2:50  Adept, Probe  
  32  2:51  Probe  
  35  3:02  Gateway, Probe  
  35  3:03  Probe  
  37  3:13  Shield Battery  
  37  3:15  Probe x2  
  37  3:18  Adept  
  41  3:27  Probe  
  36  3:38  Shield Battery  
Tags
 
Add a new tag
Caveats
  • Supply blocks, unpowered buildings, or Contaminate may cause inaccurate times.
  • Supply counts are checked every 10 seconds.